 Dungeon Crawl Stone Soup version 0.28-a0-779-g3d1f99b579 (webtiles) character file.

Game seed: 1846649909548177742

1244 croobank the Cutter (level 8, -1/61 HPs)
             Began as a Vampire Cinder Acolyte on Nov 2, 2021.
             Was a High Priest of Ignis.
             Killed from afar by an acid dragon (15 damage)
             ... with a splash of acid
             ... on level 6 of the Dungeon on Nov 3, 2021.
             The game lasted 00:49:27 (4700 turns).

croobank the Cutter (Vampire Cinder Acolyte)        Turns: 4700, Time: 00:49:28

Health: -1/61      AC:  5    Str: 21    XL:     8   Next: 25%
Magic:  0/11       EV: 13    Int: 16    God:    Ignis [*****.]
Gold:   339        SH:  0    Dex: 10    Spells: 9/11 levels left

rFire   + . .      SeeInvis +   o - +0 longbow (vorpal)
rCold   + . .      Faith    .   (shield currently unavailable)
rNeg    . . .      Spirit   +   b - +0 robe
rPois   .          Reflect  .   f - +2 helmet
rElec   .          Harm     .   (no cloak)
rCorr   .          Rampage  .   (no gloves)
Will    .....                   (no boots)
Stlth   +++.......              h - amulet of guardian spirit
HPRegen 0.40/turn               x - ring of protection from cold
MPRegen 0.12/turn               z - +6 ring of strength

@: healing quickly, studying Stealth
A: alive, fangs 3, see invisible, vampiric 2
a: Exsanguinate, Renounce Religion, Sea of Fire, Foxfire Swarm, Rising Flame


You were on level 6 of the Dungeon.
You worshipped Ignis.
Ignis was extremely pleased with you.
You visited 1 branch of the dungeon, and saw 6 of its levels.

You collected 339 gold pieces.

Inventory:

Hand Weapons
 a - a +0 short sword of flaming
 d - a +0 spectral war axe
 o - a +0 vorpal longbow (weapon)
 r - a +0 hand axe
 C - a +0 quarterstaff
 D - a +0 great sword of draining
Missiles
 i - 3 silver javelins
 k - 37 sling bullets
 n - 67 arrows (quivered ammo)
 p - 185 stones
 q - 2 boomerangs
 B - 3 datura-tipped darts
Armour
 b - a +0 robe (worn)
 e - a +0 leather armour
 f - a +2 helmet (worn)
 j - a +0 ring mail
 s - a +0 scale mail
Jewellery
 h - an amulet of guardian spirit (around neck)
 x - a ring of protection from cold (left hand)
 z - a +6 ring of strength (right hand)
Wands
 g - a wand of digging (7)
 u - a wand of acid (8)
Scrolls
 m - 2 scrolls of brand weapon
 v - 2 scrolls of identify {unknown}
 w - a scroll of teleportation
 A - a scroll of acquirement {unknown}
Potions
 c - a potion of heal wounds {unknown}
 l - a potion of curing {unknown}
 t - a potion of lignification {unknown}


   Skills:
 + Level 4.3 Fighting
 + Level 5.3 Short Blades
 + Level 3.9 Axes
 + Level 2.2 Throwing
 + Level 4.2 Dodging
 + Level 4.8 Stealth
 + Level 2.4 Spellcasting
 + Level 3.3 Fire Magic


You had 9 spell levels left.
You knew the following spells:

 Your Spells              Type           Power      Damage    Failure   Level
a - Scorch                Fire           24%        2d6       8%          2

Your spell library contained the following spells:

 Spells                   Type           Power      Damage    Failure   Level
 Stone Arrow              Conj/Erth      2%         3d7       52%         3
 Animate Armour           Summ/Erth      2%         N/A       89%         4
 Animate Dead             Necr           0%         N/A       89%         4
 Borgnjor's Vile Clutch   Necr/Erth      0%         N/A       99%         5
 Death Channel            Necr           0%         N/A       100%        6
 Lehudib's Crystal Spear  Conj/Erth      0%         10d2      100%        8


Dungeon Overview and Level Annotations

Branches:
Dungeon (6/15)
 Temple: D:4-7

Altars:
Cheibriados
Qazlal
Wu Jian
The Shining One


Innate Abilities, Weirdness & Mutations

Your natural rate of healing is accelerated.
You have razor-sharp teeth.
You have supernaturally acute eyesight. (SInv)
You are afflicted with vampirism and can become a bat while bloodless.


Message History

You slash the hound! You drain the hound.
The hound is almost dead.
The hound closely misses you.
A sky beast comes into view.
The hound completely misses you.
You closely miss the hound.
The hound is almost dead.
The hound barely misses you. The hound bites you.
The sky beast barely misses you. The hound closely misses you.
The acid dragon spits acid at you. The splash of acid hits you!!
The hound bites you.
You slice the hound!!
You kill the hound!
You completely miss the sky beast. The acid dragon bites you!
The acid dragon claws you. The sky beast completely misses you.
The acid dragon completely misses you.
The acid dragon claws you but does no damage.
The sky beast hits you. The sky beast shocks you.
You barely miss the sky beast. Your bite misses the sky beast.
The acid dragon bites you. The acid dragon closely misses you.
The sky beast completely misses you.
The sky beast flickers out of sight for a moment.
The acid dragon spits acid at you.
The splash of acid hits the sky beast!!
The acid corrodes the sky beast!
The sky beast dies!
o - a +0 vorpal longbow (weapon)
The acid dragon spits acid at you. The splash of acid hits you!
* * * LOW HITPOINT WARNING * * *
Blink to where?
Press: ? - help, Dir - move target
As you read the scroll of blinking, it crumbles to dust.
Press: ? - help, v - describe, . - travel The floor.
Unknown command.
Flames leap up around you! The acid dragon spits acid at you.
The splash of acid hits you!!
You die...

##..####...####.###
##### #######.## ...
##...# ...# ##...##
#..# ##..######
##..#####...##§..#
###........vv##v.###
........†..vvvDv##
#........#vv@vv#
#......#####vvv#
##.#..##


#vvv# # #.. ##### #... #.... #...## ...## .## You could see an acid dragon
(catching breath, ally target).

Vanquished Creatures
  A necrophage (D:5)
  2 ogres
  Blork the orc (D:4)
  5 scorpions (D:5)
  A water moccasin skeleton (D:4)
  A howler monkey (D:6)
  3 centaur zombies
  A jelly (D:5)
  5 hounds
  3 iguanas
  2 scorpion zombies
  A hound zombie (D:5)
  A howler monkey skeleton (D:5)
  An adder (D:3)
  2 ufetubi (D:5)
  A worm (D:3)
  4 dart slugs
  7 orcs
  7 endoplasms
  A giant cockroach (D:2)
  8 goblins
  3 hobgoblins
  7 jackals
  7 kobolds
  6 quokkas
  5 ball pythons
  5 bats
  4 frilled lizards
  4 rats
99 creatures vanquished.

Vanquished Creatures (others)
  A sky beast (D:6)
  4 plants (D:2)
5 creatures vanquished.

Grand Total: 104 creatures vanquished

Notes
Turn   | Place    | Note
-------+----------+-------------------------------------------
     0 | D:1      | croobank the Vampire Cinder Acolyte began the quest for the
                  | Orb.
     0 | D:1      | Reached XP level 1. HP: 17/17 MP: 2/2
   178 | D:1      | Reached XP level 2. HP: 9/23 MP: 3/3
   359 | D:1      | Learned a level 2 spell: Scorch
   718 | D:1      | Gained mutation: You are afflicted with vampirism and can
                  | become a bat while bloodless. [Vampire growth]
   718 | D:1      | Reached XP level 3. HP: 18/29 MP: 2/4
  1262 | D:2      | Found a faded altar of an unknown god.
  2043 | D:3      | Reached skill level 4 in Short Blades
  2075 | D:3      | Reached skill level 1 in Throwing
  2075 | D:3      | Reached skill level 1 in Dodging
  2075 | D:3      | Reached XP level 4. HP: 20/35 MP: 0/5
  2201 | D:3      | Found a snail-covered altar of Cheibriados.
  2591 | D:4      | Noticed an ogre
  2601 | D:4      | Killed an ogre
  2602 | D:4      | Reached skill level 1 in Stealth
  2602 | D:4      | Reached XP level 5. HP: 32/41 MP: 2/7
  2754 | D:4      | Noticed Blork the orc
  2757 | D:4      | Killed Blork the orc
  2758 | D:4      | Reached XP level 6. HP: 39/47 MP: 5/8
  3080 | D:4      | Found a stormy altar of Qazlal.
  3141 | D:4      | Found an ornate altar of the Wu Jian Council.
  3630 | D:5      | Entered Level 5 of the Dungeon
  3685 | D:5      | Reached skill level 1 in Axes
  3794 | D:5      | Reached skill level 5 in Short Blades
  3794 | D:5      | Reached XP level 7. HP: 48/52 MP: 7/10
  4307 | D:5      | Reached XP level 8. HP: 54/60 MP: 11/11
  4700 | D:6      | Killed from afar by an acid dragon

Illustrated notes

Levels and vault maps discovered:
D:1:      matt_arrival_spirals, layout_loops_cross
D:2:      layout_basic, chequers_ecumenical_altar_lobes,
          kennysheep_big_empty_room, chequers_big_river
D:3:      layout_basic, mainiacjoe_overflow_big_doors,
          chequers_serial_rivers_micro_c
D:4:      layout_cave_pods, mainiacjoe_overflow_concentric_impassable,
          mainiacjoe_overflow_brackets, uniq_blork_the_orc
D:5:      layout_cave_pods, minmay_manual_mess
D:6:      layout_layer_cave

Skill      XL: |  1  2  3  4  5  6  7  8 |
---------------+-------------------------+-----
Fighting       | 3 4 |  4.3
Short Blades   | 4 5 |  5.3
Throwing       | 1 2 |  2.2
Dodging        | 1 2 3 4 |  4.2
Stealth        | 1 2 4 |  4.8
Fire Magic     | 3 |  3.3
Spellcasting   | 2 |  2.4
Axes           | 1 3 |  3.9

Action                   |  1- 3 |  4- 6 |  7- 9 || total
-------------------------+-------+-------+-------++-------
Melee: Short sword       |   136 |    70 |       ||   206
       Bite              |    15 |     7 |     8 ||    30
       War axe           |       |    26 |    58 ||    84
       Great sword       |       |       |     5 ||     5
Throw: Javelin           |    10 |    10 |       ||    20
       Stone             |    54 |     9 |       ||    63
 Cast: Scorch            |     4 |     5 |       ||     9
Invok: Foxfire Swarm     |       |       |     1 ||     1
  Use: Scroll            |     6 |     7 |     2 ||    15
 Stab: Sleeping          |       |       |     3 ||     3
Armor: Robe              |    40 |    32 |    22 ||    94
Dodge: Dodged            |    88 |    59 |    71 ||   218

Table legend: (Time is in decaauts)
 A = Elapsed time spent in this place.
 B = Non-inter-level travel time spent in this place.
 C = Inter-level travel time spent in this place.
 D = Time resting spent in this place.
 E = Time spent auto-exploring this place.
 F = Levels seen in this place.
 G = Mean time per level.
                   A        B        C        D        E       F      G
               +--------+--------+--------+--------+--------+-----+--------+
         Total |   4743 |   4636 |    107 |    280 |   3018 |   6 |  790.5 |
       Dungeon |   4743 |   4636 |    107 |    280 |   3018 |   6 |  790.5 |
               +--------+--------+--------+--------+--------+-----+--------+

Top non-repeatable levels by time:
     D:4: 1012 daAuts
     D:1: 970 daAuts
     D:2: 966 daAuts
     D:5: 948 daAuts
     D:3: 693 daAuts
     D:6: 151 daAuts
